 Dungeon Crawl Stone Soup version 0.21.1-1-g345015f (webtiles) character file.

26720 troglodite the Protected (level 13, 0/101 HPs)
             Began as a Demonspawn Berserker on July 9, 2018.
             Was a High Priest of Trog.
             Killed from afar by a deep elf mage (18 damage)
             ... with a bolt of lightning
             ... on level 2 of the Orcish Mines on July 10, 2018.
             The game lasted 00:46:20 (13860 turns).

troglodite the Protected (Demonspawn Berserker)    Turns: 13860, Time: 00:46:21

Health: 0/101      AC: 23    Str: 22    XL:     13   Next: 0%
Magic:  13/13      EV: 12    Int: 12    God:    Trog [*****.]
Gold:   781        SH: 12    Dex: 19    Spells: 12/12 levels left

rFire    . . .     SeeInvis +   I - +2 falchion (flame)
rCold    . . .     Gourm    .   B - +0 shield
rNeg     . . .     Faith    .   S - +7 chain mail of Yluet {Str-3 Int+4}
rPois    .         Spirit   .   (helmet restricted)
rElec    .         Reflect  .   H - +1 cloak
rCorr    .         Harm     .   (no gloves)
MR       .....                  (no boots)
Stlth    ..........             (no amulet)
HPRegen  0.26/turn              O - ring of see invisible
MPRegen  0.13/turn              G - ring "Viklorugh" {AC+2 Str+6 Dex+2}

@: berserk cooldown
A: claws 1, hooves 2, horns 1, powered by death 1, spiny 2
a: Berserk, Trog's Hand, Brothers in Arms, Burn Spellbooks, Renounce Religion


You were on level 2 of the Orcish Mines.
You worshipped Trog.
Trog was extremely pleased with you.
You were very hungry.

You visited 2 branches of the dungeon, and saw 14 of its levels.
You also visited: Sewer.

You collected 1373 gold pieces.
You spent 592 gold pieces at shops.

Inventory:

Hand Weapons
 e - a +3 dagger of electrocution
 o - a +2 rapier of venom
 I - a +2 falchion of flaming (weapon)
Armour
 B - a +0 shield (worn)
 F - the +0 ring mail of Riri {rC+ MP+9 Int+3}
   (You bought it in a shop on level 6 of the Dungeon)

   It affects your intelligence (+3).
   It protects you from cold.
   It affects your magic capacity (+9).
 H - a +1 cloak (worn)
 S - the +7 chain mail of Yluet (worn) {Str-3 Int+4}
   (You bought it in a shop on level 6 of the Dungeon)

   It affects your strength (-3).
   It affects your intelligence (+4).
Jewellery
 j - an uncursed ring of protection from cold
 G - the ring "Viklorugh" (right claw) {AC+2 Str+6 Dex+2}
   (You found it on level 6 of the Dungeon)

   [ring of protection]

   It affects your AC (+2).
   It affects your strength (+6).
   It affects your dexterity (+2).
 O - a ring of see invisible (left claw)
 R - an uncursed ring of resist corrosion
Wands
 f - a wand of paralysis (15)
 l - a wand of acid (4)
 p - a wand of random effects (21)
 w - a wand of clouds (4)
 K - a wand of polymorph (22)
 N - a wand of iceblast (23)
Scrolls
 b - 2 scrolls of remove curse
 d - 2 scrolls of immolation {unknown}
 i - 2 scrolls of fog
 k - 7 scrolls of teleportation
 n - a scroll of identify
 s - a scroll of fear {unknown}
 v - 2 scrolls of magic mapping
 x - 2 scrolls of enchant armour {unknown}
 y - 3 scrolls of random uselessness {unknown}
 P - 2 scrolls of torment {unknown}
 Q - a scroll of amnesia {unknown}
Potions
 a - a potion of experience {unknown}
 g - a potion of agility {unknown}
 h - 8 potions of curing
 m - 3 potions of brilliance
 q - 4 potions of flight
 r - 5 potions of cancellation
 t - a potion of heal wounds
 u - 2 potions of haste {unknown}
 z - a potion of mutation {unknown}
 A - 3 potions of lignification
 C - a potion of magic {unknown}
 D - 2 potions of invisibility {unknown}
 E - 3 potions of might
 J - 2 potions of resistance
 L - a potion of ambrosia {unknown}
 M - 2 potions of berserk rage {unknown}
Comestibles
 c - 23 rations
 T - 2 chunks of flesh


   Skills:
 * Level 9.1 Fighting
 + Level 6.9(8.4) Short Blades
 + Level 7.2(8.6) Long Blades
 * Level 10.5 Armour
 * Level 8.0 Dodging
 + Level 2.5 Stealth
 * Level 9.5 Shields


You had 12 spell levels left.
You didn't know any spells.

Dungeon Overview and Level Annotations

Branches:
Dungeon (12/15)            Temple (0/1) D:7            Lair (0/6) D:10
    Orc (2/2) D:11            Elf (0/3) Orc:2

Altars:
Cheibriados
Elyvilon
Fedhas
Gozag
Hepliaklqana
Kikubaaqudgha
Makhleb
Nemelex Xobeh
Qazlal
Trog
Uskayaw
Vehumet
Wu Jian
The Shining One

Shops:
D:3 *   D:6 [}   D:10 %   Orc:2 [


Innate Abilities, Weirdness & Mutations

You have sharp fingernails.
You have hoof-like feet.
You have a pair of small horns on your head.
You regenerate a little health from kills.
You are mostly covered in sharp spines.


Message History

Something tries to feed on your intellect!
The orc warrior hits you but does no damage.
The orc wizard gestures wildly while chanting.
The orc wizard flickers and vanishes for a moment.
The sixfirhy is struck by your spines.
The sixfirhy hits you but does no damage.
You block the sixfirhy's attack. The sixfirhy is struck by your spines.
The sixfirhy hits you but does no damage.
You block the sixfirhy's attack.
The deep elf mage is struck by your spines.
The deep elf mage hits you but does no damage.
The orc warrior misses you. The fire elemental barely misses you.
You riposte.
You completely miss the fire elemental. You kick the fire elemental.
You headbutt the fire elemental, but do no damage.
The fire elemental is lightly damaged.
The deep elf mage casts a spell at you.
The bolt of lightning hits the sixfirhy.
The sixfirhy completely resists.
The bolt of lightning hits you!
You die...

..............# ≈
#............. ##≈
#............
.≈≈#.<....$.....
.e≈≈#...)........
.. #.............
..≈#.....).......
#≈...........$.
..#≈...@..........
≈≈≈≈...3E§.....#.#
#≈≈.#..oeOe...#...
.###...OWo#§......
....#....Oo§§.....
....#..oe.oo......
...........o......
........e4........
.....(..3(.......


You could see a hellwing, 4 deep elf magi, a sixfirhy, a fire elemental, a
wraith, 2 orc warriors, 3 ogres, an orc wizard (invisible) and 4 orcs.

Vanquished Creatures
  An orc warlord (Orc:2)
  A stone giant (Orc:1)
  Snorg (Orc:1)
  Josephine (Orc:2)
  3 two-headed ogres
  2 hydras
  4 skeletal warriors (D:12)
  An unseen horror (D:12)
  The ghost of CrazyArbalest the Quickloader, a novice KoHu (D:7)
  The ghost of Pad the Skirmisher, a novice MfTm (D:6)
  A deep elf mage (Orc:2)
  Pikel (D:4)
  An orc knight (Orc:1)
  An ugly thing (D:12)
  Maurice (Orc:1)
  A centaur skeleton (D:11)
  Psyche (D:9)
  2 gargoyles (D:12)
  A queen bee (D:12)
  3 trolls (Orc:1)
  2 dream sheep (D:8)
  2 hornets
  2 hippogriffs
  10 yaks
  Sigmund (D:4)
  2 vampires
  3 wraiths
  A wyvern (D:11)
  Menkaure (D:4)
  A water moccasin (D:9)
  Purgy (Sewer)
  16 orc warriors
  3 sky beasts
  2 ice beasts
  2 phantoms
  6 ogres
  5 centaurs
  2 crocodiles
  3 big kobolds (D:8)
  11 bullfrogs
  Blork the orc (D:6)
  A gnoll sergeant (D:10)
  4 scorpions
  The ghost of alaintno the Chopper, a weakling HOBe of Trog (D:3)
  24 killer bees
  13 wights
  3 howler monkeys
  4 crimson imps
  A bullfrog zombie (D:10)
  3 quasits
  8 hounds
  Crazy Yiuf (D:7)
  4 bullfrog skeletons
  5 jellies
  13 orc priests
  3 iguanas
  9 orc wizards
  7 worker ants
  A hound zombie (D:9)
  A hound skeleton (D:4)
  2 worker ant zombies
  12 gnolls
  10 adders
  2 river rats (D:6)
  2 shadow imps
  3 oozes
  An adder skeleton (D:8)
  A worm (D:2)
  2 dart slugs
  8 leopard geckos
  67 orcs
  17 giant cockroaches
  5 goblins
  6 hobgoblins
  14 jackals
  7 kobolds
  2 quokkas
  2 ball pythons
  6 bats
  8 frilled lizards
  A jackal skeleton (D:4)
  A leopard gecko skeleton (D:8)
  12 rats
403 creatures vanquished.

Vanquished Creatures (collateral kills)
  An orc warrior (Orc:2)
1 creature vanquished.

Vanquished Creatures (others)
  A slave (D:4)
  An iguana (D:4)
  3 gnolls (D:4)
  An adder (D:4)
  4 orcs (D:4)
  A goblin (D:2)
  A kobold (D:2)
  9 fungi (D:4)
21 creatures vanquished.

Grand Total: 425 creatures vanquished

Notes
Turn   | Place    | Note
-------+----------+-------------------------------------------
     0 | D:1      | troglodite the Demonspawn Berserker began the quest for the Orb.
     0 | D:1      | Reached XP level 1. HP: 18/18 MP: 1/1
   165 | D:1      | Gained mutation: You have a pair of small horns on your head. [demonic ancestry]
   165 | D:1      | Reached XP level 2. HP: 14/24 MP: 2/2
   724 | D:1      | Reached XP level 3. HP: 24/30 MP: 3/3
   969 | D:2      | Found a radiant altar of Vehumet.
   982 | D:2      | Reached ** piety under Trog
   982 | D:2      | Reached skill level 2 in Armour
  1647 | D:3      | Found a white marble altar of Elyvilon.
  1663 | D:3      | Gained mutation: You are partially covered in sharp spines. [demonic ancestry]
  1663 | D:3      | Reached XP level 4. HP: 37/37 MP: 4/4
  1747 | D:3      | Reached skill level 1 in Short Blades
  1774 | D:3      | Noticed alaintno's ghost (weakling HOBe)
  1784 | D:3      | Found an ancient bone altar of Kikubaaqudgha.
  1801 | D:3      | Killed alaintno's ghost
  1801 | D:3      | Gained mutation: You have large cloven feet. [demonic ancestry]
  1801 | D:3      | Reached XP level 5. HP: 42/42 MP: 5/5
  2151 | D:3      | Found Gozag's Platinum Reserve.
  2155 | D:3      | Found an opulent altar of Gozag.
  2275 | D:4      | Noticed a slave
  2275 | D:4      | Noticed a slave
  2276 | D:4      | Noticed Pikel
  2276 | D:4      | Noticed a slave
  2276 | D:4      | Noticed a slave
  2277 | D:4      | Paralysed by Pikel for 5 turns
  2288 | D:4      | Killed Pikel
  2288 | D:4      | Reached skill level 3 in Armour
  2288 | D:4      | Reached skill level 1 in Stealth
  2288 | D:4      | Reached XP level 6. HP: 50/50 MP: 6/6
  2288 | D:4      | Reached XP level 7. HP: 55/55 MP: 7/7
  2557 | D:4      | Found a blossoming altar of Fedhas.
  2605 | D:4      | Noticed Menkaure
  2611 | D:4      | Killed Menkaure
  2611 | D:4      | Reached skill level 5 in Fighting
  2611 | D:4      | Reached skill level 4 in Armour
  3095 | D:4      | Found a stormy altar of Qazlal.
  3113 | D:4      | Found a hide-covered altar of Uskayaw.
  3266 | D:4      | Noticed Sigmund
  3270 | D:4      | Killed Sigmund
  3270 | D:4      | Reached XP level 8. HP: 62/62 MP: 8/8
  3408 | D:5      | Entered Level 5 of the Dungeon
  3461 | D:5      | Reached skill level 5 in Armour
  3487 | D:5      | Reached *** piety under Trog
  3612 | D:5      | Found a burning altar of Makhleb.
  3757 | D:5      | Found a snail-covered altar of Cheibriados.
  4358 | D:6      | Found Xinaphou's Gadget Shoppe.
  4403 | D:6      | Noticed Pad's ghost (novice MfTm)
  4430 | D:6      | Found a bloodstained altar of Trog.
  4483 | D:6      | Killed Pad's ghost
  4483 | D:6      | Reached skill level 6 in Armour
  4483 | D:6      | Reached skill level 1 in Shields
  4483 | D:6      | Reached XP level 9. HP: 16/69 MP: 9/9
  4517 | D:6      | Found a glowing drain.
  4732 | Sewer    | Entered a sewer
  4740 | Sewer    | Noticed Purgy
  4746 | Sewer    | Killed Purgy
  5013 | D:6      | Found an ornate altar of the Wu Jian Council.
  5030 | D:6      | Noticed Blork the orc
  5035 | D:6      | Killed Blork the orc
  5035 | D:6      | Reached skill level 7 in Armour
  5051 | D:6      | Found a sparkling altar of Nemelex Xobeh.
  5065 | D:6      | Reached **** piety under Trog
  5065 | D:6      | Reached skill level 5 in Short Blades
  5080 | D:6      | Found Zuisen's Antique Armour Shoppe.
  5090 | D:6      | Bought a pitted ring mail for 288 gold pieces
  5100 | D:6      | Identified the cursed +0 ring mail of Riri {rC+ MP+9 Int+3} (You bought it in a shop on level 6 of the Dungeon)
  5526 | D:6      | Found a glowing golden altar of the Shining One.
  5825 | D:6      | Got a glittering bone ring
  5826 | D:6      | Identified the ring "Viklorugh" {AC+2 Str+6 Dex+2} (You found it on level 6 of the Dungeon)
  5998 | D:7      | Reached skill level 5 in Dodging
  6366 | D:7      | Found a runed door.
  6370 | D:7      | Noticed Crazy Yiuf
  6374 | D:7      | Killed Crazy Yiuf
  6617 | D:7      | Found a staircase to the Ecumenical Temple.
  6633 | D:7      | Noticed CrazyArbalest's ghost (novice KoHu)
  6639 | D:7      | Killed CrazyArbalest's ghost
  6639 | D:7      | Reached skill level 8 in Armour
  6639 | D:7      | Gained mutation: You have hoof-like feet. [demonic ancestry]
  6639 | D:7      | Reached XP level 10. HP: 77/77 MP: 10/10
  7082 | D:8      | Received a gift from Trog
  7599 | D:8      | Reached ***** piety under Trog
  7640 | D:8      | Reached skill level 5 in Shields
  7795 | D:8      | Noticed a two-headed hydra
  7798 | D:8      | Killed a one-headed hydra
  8454 | D:9      | Noticed a two-headed ogre
  8462 | D:9      | Killed a two-headed ogre
  8462 | D:9      | Gained mutation: You regenerate a little health from kills. [demonic ancestry]
  8462 | D:9      | Reached XP level 11. HP: 84/84 MP: 11/11
  8531 | D:9      | Noticed Psyche
  8539 | D:9      | Killed Psyche
  8738 | D:9      | Noticed a two-headed ogre
  8743 | D:9      | Killed a two-headed ogre
  9127 | D:10     | Entered Level 10 of the Dungeon
  9194 | D:10     | Reached skill level 9 in Armour
  9216 | D:10     | Found a staircase to the Lair.
  9334 | D:10     | Found Qigait's Food Shop.
  9697 | D:6      | Bought a crude chain mail for 304 gold pieces
  9707 | D:6      | Identified the +7 chain mail of Yluet {Str-3 Int+4} (You bought it in a shop on level 6 of the Dungeon)
 10295 | D:11     | Received a gift from Trog
 10340 | D:11     | Found a hazy altar of Hepliaklqana.
 10415 | D:11     | Found a staircase to the Orcish Mines.
 10589 | D:11     | Noticed a six-headed hydra
 10599 | D:11     | Killed a one-headed hydra
 10599 | D:11     | Reached skill level 5 in Long Blades
 10968 | D:12     | Noticed an unseen horror
 10979 | D:12     | Killed an unseen horror
 11262 | D:12     | Noticed a skeletal warrior
 11262 | D:12     | Noticed a skeletal warrior
 11263 | D:12     | Noticed a skeletal warrior
 11263 | D:12     | Noticed a skeletal warrior
 11276 | D:12     | Killed a skeletal warrior
 11276 | D:12     | Received a gift from Trog
 11276 | D:12     | Gained mutation: You are mostly covered in sharp spines. [demonic ancestry]
 11276 | D:12     | Reached XP level 12. HP: 92/92 MP: 12/12
 11481 | D:12     | Noticed a two-headed ogre
 11493 | D:12     | Killed a two-headed ogre
 12244 | Orc:1    | Entered Level 1 of the Orcish Mines
 12253 | Orc:1    | Noticed Snorg
 12265 | Orc:1    | Killed Snorg
 12265 | Orc:1    | Reached skill level 10 in Armour
 12352 | Orc:1    | Noticed a stone giant
 12361 | Orc:1    | Killed a stone giant
 12496 | Orc:1    | Noticed Maurice
 12678 | Orc:1    | Killed Maurice
 12952 | Orc:2    | Entered Level 2 of the Orcish Mines
 12952 | Orc:2    | Noticed Josephine
 12965 | Orc:2    | Killed Josephine
 13434 | Orc:2    | Found a staircase to the Elven Halls.
 13644 | Orc:2    | Noticed an orc warlord
 13819 | Orc:2    | Killed an orc warlord
 13827 | Orc:2    | Gained mutation: You have sharp fingernails. [demonic ancestry]
 13827 | Orc:2    | Reached XP level 13. HP: 70/101 MP: 13/13
 13849 | Orc:2    | HP: 3/101 [orc warrior/war axe[an orc knight] (12)]
 13850 | Orc:2    | Found Atoimur's Antique Armour Emporium.
 13860 | Orc:2    | Killed from afar by a deep elf mage

Skill      XL: |  1  2  3  4  5  6  7  8  9 10 11 12 |
---------------+-------------------------------------+-----
Long Blades    | 3 5 7 |  7.2
Dodging        | 2 3 4 5 6 7 8 |  8.0
Armour         | 2 3 4 6 8 9 10 | 10.5
Fighting       | 4 5 6 7 8 9 |  9.1
Short Blades   | 1 2 3 4 5 6 |  6.9
Stealth        | 1 2 |  2.5
Shields        | 1 4 6 8 9 |  9.5

Action                   |  1- 3 |  4- 6 |  7- 9 | 10-12 | 13-15 || total
-------------------------+-------+-------+-------+-------+-------++-------
Melee: Falchion          |    20 |       |       |   544 |    12 ||   576
       Dagger            |   107 |    37 |   276 |    87 |       ||   507
       Headbutt          |    19 |     6 |    62 |   181 |     7 ||   275
       Kick              |       |     6 |    98 |   332 |     8 ||   444
Invok: Berserk           |     1 |     3 |     6 |    13 |       ||    23
       Burn Spellbooks   |       |       |       |     1 |       ||     1
       Brothers in Arms  |       |       |       |     1 |       ||     1
  Use: Scroll            |       |       |     7 |    11 |     1 ||    19
       Potion            |       |       |     1 |     2 |     1 ||     4
 Stab: Sleeping          |       |       |       |     1 |       ||     1
  Eat: Chunk             |     3 |     4 |    17 |    19 |       ||    43
       Ration            |       |       |     1 |     5 |       ||     6
Armor: Animal skin       |    12 |       |       |       |       ||    12
       Chain mail        |    42 |    11 |    63 |   173 |     5 ||   294
       Ring mail         |       |       |    24 |    51 |       ||    75
Dodge: Dodged            |    64 |    13 |    90 |   265 |    11 ||   443
Block: Shield            |       |       |    73 |   368 |    20 ||   461
       Rpst.: Falchion   |     5 |       |       |    61 |     4 ||    70
